Map: [ESL] Oceanborn

Players

Nice

  • Race: Protoss Protoss
  • Spawn Location: 5:00

Nanami - Winner!

  • Race: Protoss Protoss
  • Spawn Location: 11:00

Event: ESL SC2 Masters 2024 Spring (Regional)

VOD

Have the link to the VOD?

Description

Time

  • Played on: April 25, 2024, 8:30 a.m.
  • Length: 10:02

All games in this series

Show
View Real Time Build Order
Export as new Build Order

Nice Protoss 

Build Orders: Oracle Opening 

Get SALT Encoding   

  12  0:00  Probe  
  13  0:12  Probe  
  14  0:17  Pylon  
  14  0:24  Probe (Chrono Boost)  
  16  0:36  Probe (Chrono Boost)  
  16  0:37  Gateway  
  16  0:42  Probe  
  16  0:46  Assimilator  
  17  0:50  Assimilator  
  17  0:54  Probe  
  18  1:04  Gateway  
  18  1:06  Probe (Chrono Boost)  
  19  1:15  Probe (Chrono Boost)  
  20  1:20  Probe (Chrono Boost)  
  20  1:24  Cybernetics Core  
  21  1:33  Probe  
  21  1:37  Pylon  
  22  1:45  Probe  
  23  2:00  Stargate  
  23  2:01  Adept  
  23  2:06  Adept  
  27  2:09  Pylon  
  27  2:12  Warp Gate  
  27  2:20  Probe  
  28  2:31  Adept  
  28  2:36  Adept  
  31  2:46  Oracle (Chrono Boost)  
  34  2:55  Shield Battery  
  34  3:14  Nexus  
  34  3:18  Oracle (Chrono Boost)  
  37  3:27  Pylon  
  37  3:42  Probe  
  33  3:49  Twilight Council  
  33  3:52  Shield Battery  
  32  4:00  Stalker  
  29  4:04  Shield Battery  
  29  4:07  Sentry  
  31  4:15  Shield Battery  
  31  4:17  Stalker x2  
  31  4:27  Blink (Chrono Boost)  
  31  4:29  Probe  
  31  4:30  Probe  
  33  4:41  Stalker  
  33  4:42  Zealot  
  37  4:48  Probe x2  
  39  5:00  Probe  
  39  5:03  Phoenix  
  39  5:05  Probe  
  43  5:12  Probe  
  44  5:21  Stalker  
  44  5:24  Probe  
  44  5:25  Probe  
  48  5:29  Stalker  
  47  5:39  Probe x2 (Chrono Boost)  
  49  5:49  Probe (Chrono Boost)  
  51  5:51  Robotics Facility, Probe (Chrono Boost)  
  51  5:54  Probe (Chrono Boost)  
  52  6:00  Probe  
  53  6:04  Pylon  
  53  6:08  Nexus  
  53  6:09  Probe  
  54  6:12  Stalker  
  54  6:14  Probe  
  57  6:18  Stalker  
  59  6:25  Shield Battery  
  59  6:30  Probe x2  
  61  6:35  Observer (Chrono Boost)  
  61  6:37  Pylon  
  62  6:42  Probe x2, Gateway  
  62  6:46  Charge (Chrono Boost), Gateway  
  64  7:04  Stalker x2  
  68  7:10  Gateway  
  68  7:13  Gateway  
  68  7:16  Gateway  
  68  7:22  Gateway  
  68  7:26  Observer  
  68  7:29  Stalker  
  70  7:31  Shield Battery  
  70  7:32  Stalker, Shield Battery  
  70  7:35  Shield Battery  
  72  7:40  Pylon  
  72  7:50  Stalker x2  
  74  7:52  Phoenix  
  74  8:00  Zealot, Stalker  
  78  8:09  Zealot, Stalker  
  78  8:10  Zealot  
  78  8:12  Pylon  
  84  8:19  Zealot x3  
  90  8:24  Pylon  
  90  8:27  Stalker x2  
  92  8:39  Stalker x2  
  92  8:40  Zealot x2  
  96  9:03  Zealot x3, Stalker x2  
  96  9:04  Zealot  
  106  9:12  Warp Prism  
  108  9:17  Stalker x2  
  78  9:36  Zealot x6  
  86  9:41  Stalker  
  80  9:46  Zealot  
  60  9:57  Stalker  
Show
View Real Time Build Order
Export as new Build Order

Nanami Protoss - Winner!

Build Orders: Oracle Opening, Phoenix Opening 

Get SALT Encoding   

  12  0:00  Probe  
  13  0:12  Probe  
  14  0:17  Pylon  
  14  0:24  Probe (Chrono Boost)  
  15  0:36  Probe (Chrono Boost), Gateway  
  16  0:44  Probe (Chrono Boost)  
  16  0:46  Assimilator  
  17  0:50  Probe  
  17  0:54  Assimilator  
  18  1:03  Probe (Chrono Boost)  
  19  1:06  Gateway  
  19  1:12  Probe (Chrono Boost)  
  19  1:17  Probe (Chrono Boost)  
  20  1:23  Cybernetics Core  
  21  1:29  Probe  
  22  1:34  Pylon  
  22  1:41  Probe  
  23  1:53  Probe  
  24  1:59  Stalker x2  
  24  2:00  Warp Gate  
  28  2:15  Pylon  
  28  2:20  Stargate  
  28  2:31  Stalker  
  30  2:39  Stalker  
  32  2:58  Nexus  
  32  3:07  Shield Battery  
  31  3:13  Phoenix (Chrono Boost)  
  33  3:34  Probe  
  33  3:35  Shield Battery  
  33  3:43  Oracle (Chrono Boost)  
  33  3:46  Probe  
  36  3:49  Stalker  
  34  3:58  Probe  
  34  4:10  Stalker, Probe  
  34  4:11  Probe  
  38  4:19  Stalker  
  38  4:29  Probe (Chrono Boost)  
  39  4:33  Probe (Chrono Boost)  
  40  4:41  Probe (Chrono Boost)  
  40  4:44  Probe (Chrono Boost)  
  42  4:47  Probe (Chrono Boost)  
  44  4:55  Probe  
  44  4:59  Robotics Facility, Probe  
  45  5:08  Sentry  
  45  5:09  Probe (Chrono Boost)  
  45  5:11  Probe (Chrono Boost)  
  50  5:21  Probe (Chrono Boost)  
  50  5:23  Probe (Chrono Boost)  
  50  5:28  Probe (Chrono Boost)  
  52  5:29  Probe (Chrono Boost)  
  52  5:35  Probe  
  53  5:38  Pylon  
  53  5:40  Pylon  
  54  5:52  Twilight Council  
  54  5:56  Immortal (Chrono Boost)  
  58  5:59  Adept x2  
  58  6:02  Probe  
  63  6:10  Pylon  
  65  6:28  Pylon, Observer (Chrono Boost)  
  65  6:29  Gateway x2  
  64  6:35  Gateway x2  
  64  6:36  Resonating Glaives (Chrono Boost)  
  64  6:42  Adept  
  64  6:43  Adept  
  68  7:06  Adept x2  
  70  7:09  Immortal (Chrono Boost), Gateway  
  70  7:12  Gateway  
  72  7:25  Adept x2  
  72  7:26  Adept  
  72  7:27  Adept  
  80  7:35  Adept x2  
  84  7:39  Pylon  
  82  7:56  Adept x2  
  86  8:02  Warp Prism  
  86  8:03  Pylon  
  88  8:09  Adept x2  
  88  8:10  Adept  
  94  8:18  Pylon  
  91  8:20  Adept  
  90  8:35  Adept x4  
  98  8:42  Adept x2  
  100  9:05  Adept x5  
  100  9:08  Pylon  
  100  9:29  Adept x6  
  72  9:49  Adept x3  
Tags
 
Add a new tag
Caveats
  • Supply blocks, unpowered buildings, or Contaminate may cause inaccurate times.
  • Supply counts are checked every 10 seconds.